 Dungeon Crawl Stone Soup version 0.21-a0-591-g2314aa1 (webtiles) character file.

1639780 Amnesiac the Slayer (level 26, 183/183 HPs)
             Began as a Deep Elf Earth Elementalist on Dec 22, 2017.
             Was the Champion of Ashenzari.
             Escaped with the Orb
             ... and 3 runes!
             The game lasted 04:03:21 (72523 turns).

Amnesiac the Slayer (Deep Elf Earth Elementalist)  Turns: 72523, Time: 04:03:22

Health: 183/183    AC: 18    Str:  8    XL:     26   Next: 57%
Magic:  53/53      EV: 30    Int: 36    God:    Ashenzari [******]
Gold:   3724       SH: 19    Dex: 15    Spells: 23/55 levels left

rFire    + . .     SeeInvis +   a - +9 quick blade (pierce)
rCold    + . .     Gourm    .   O - +5 shield {AC+3} (curse)
rNeg     + . .     Faith    .   v - +3 leather armour {rC+} (curse)
rPois    +         Spirit   +   r - +0 hat of the Solstice {rCorr MP+9 Slay+2} (curse)
rElec    +         Reflect  .   i - scarf {repulsion} (curse)
rCorr    +         Harm     .   H - +0 pair of gloves "Wezom" {rElec rF+ rN+} (curse)
MR       ++...     Clarity  +   c - +2 pair of boots {Fly} (curse)
Stlth    +++.......             T - amulet of guardian spirit (curse)
HPRegen  0.40/turn              h - ring "Gestrote" {rPois Str+3 Int+3 Slay+5} (curse)
MPRegen  0.33/turn              Z - +5 ring of protection (curse)

@: flying, drained, repel missiles
A: screaming 1, subdued magic 1
0: Orb of Zot
}: 3/15 runes: decaying, silver, gossamer
a: Curse Item, Scrying, Transfer Knowledge, Renounce Religion, Stop Flying


You escaped.
You worshipped Ashenzari.
Ashenzari was exalted by your worship.
You were very full.

You visited 10 branches of the dungeon, and saw 50 of its levels.
You also visited: Sewer and Desolation.

You collected 6286 gold pieces.
You spent 2562 gold pieces at shops.

Inventory:

Hand Weapons
 a - a +9 quick blade of piercing (weapon)
 w - a +7 blowgun
 V - a +5 quick blade
Missiles
 j - 9 needles of confusion
 E - 56 poisoned needles
 F - 3 throwing nets (quivered)
 I - 9 curare-tipped needles
 Q - 8 needles of sleeping
 R - 15 javelins
 W - 6 needles of paralysis
Armour
 c - a cursed +2 pair of boots of flying (worn)
 i - a cursed scarf of repulsion (worn)
 r - the cursed +0 hat of the Solstice (worn) {rCorr MP+9 Slay+2}
   (You found it on level 7 of the Dungeon)

   It affects your accuracy and damage with ranged weapons and melee attacks
   (+2).
   It affects your magic capacity (+9).
   It protects you from acid and corrosion.
   It has a curse placed upon it.
 v - a cursed +3 leather armour of cold resistance (worn)
 H - the cursed +0 pair of gloves "Wezom" (worn) {rElec rF+ rN+}
   (You found it on level 6 of the Dungeon)

   It protects you from fire.
   It insulates you from electricity.
   It protects you from negative energy.
   It has a curse placed upon it.
 N - a scarf of resistance
 O - a cursed +5 shield of protection (worn)
Jewellery
 h - the cursed ring "Gestrote" (left hand) {rPois Str+3 Int+3 Slay+5}
   (You found it on level 10 of the Dungeon)

   [ring of slaying]

   It affects your strength (+3).
   It affects your intelligence (+3).
   It affects your accuracy and damage with ranged weapons and melee attacks
   (+5).
   It protects you from poison.
   It has a curse placed upon it.
 t - the ring of Bompevicw {+Inv rF+ rC+ Str+2}
   (You found it on level 1 of the Depths)

   [ring of protection from cold]

   It affects your strength (+2).
   It protects you from fire.
   It protects you from cold.
   It lets you turn invisible.
 T - a cursed amulet of guardian spirit (around neck)
 Z - a cursed +5 ring of protection (right hand)
Wands
 z - a wand of digging (47)
 L - a wand of acid (34)
Scrolls
 e - a scroll of enchant weapon {!r}
 l - 2 scrolls of vulnerability {!r}
 n - 11 scrolls of fear {!r}
 o - 17 scrolls of identify {!r}
 p - 10 scrolls of enchant armour {!r}
 q - 14 scrolls of teleportation {!r}
 x - 4 scrolls of fog {!r}
 A - 10 scrolls of amnesia {!r}
 G - 3 scrolls of holy word {!r}
 J - 3 scrolls of blinking {!r}
 K - a scroll of silence {!r}
 M - 3 scrolls of remove curse {!r}
 P - 7 scrolls of magic mapping {!r}
Potions
 b - a potion of agility {!q}
 f - 5 potions of haste {!q}
 k - 16 potions of curing {!q}
 m - 13 potions of heal wounds {!q}
 s - 3 potions of brilliance {!q}
 u - 4 potions of mutation {!q}
 C - 11 potions of cancellation {!q}
 S - 3 potions of resistance {!q}
 U - 2 potions of invisibility {!q}
 X - 4 potions of might {!q}
Comestibles
 d - 70 rations


   Skills:
 * Level 23.5(23.1) Fighting
 - Level 10.0(9.7) Short Blades
 + Level 23.5(26.4) Dodging
 - Level 15.0(18.6) Stealth
 - Level 16.1(18.3) Shields
 - Level 15.0(14.7) Spellcasting
 - Level 15.0(18.6) Translocations
 - Level 10.0(14.0) Transmutations
 - Level 13.0(16.8) Earth Magic


You had 23 spell levels left.
You knew the following spells:

 Your Spells              Type           Power        Failure   Level  Hunger
b - Passwall              Tmut/Erth      #######...   0%          2    None
d - Lee's Rapid Deconstr  Erth           #######...   1%          5    None
e - Petrify               Tmut/Erth      #######.     1%          4    None
f - Sublimation of Blood  Necr           ###.......   1%          2    None
g - Irradiate             Conj/Tmut      ######....   2%          5    None
t - Disjunction           Tloc           #######...   4%          8    ######.
v - Blink                 Tloc           N/A          0%          2    None
w - Mephitic Cloud        Conj/Pois/Air  ###.....     3%          3    None
z - Confusing Touch       Hex            ###...       1%          1    None


Dungeon Overview and Level Annotations

Branches:
Dungeon (15/15)            Temple (1/1) D:4            Lair (6/6) D:9
  Swamp (4/4) Lair:4       Spider (4/4) Lair:4        Slime (0/5) Lair:5
    Orc (2/2) D:10            Elf (3/3) Orc:2        Vaults (5/5) D:13
  Crypt (0/3) Vaults:3     Depths (5/5) D:15            Zot (5/5) Depths:5

Altars:
Ashenzari
Cheibriados
Dithmenos
Elyvilon
Fedhas
Gozag
Hepliaklqana
Kikubaaqudgha
Makhleb
Nemelex Xobeh
Okawaru
Qazlal
Ru
Sif Muna
Trog
Uskayaw
Vehumet
Wu Jian
Xom
Yredelemnul
Zin
The Shining One
Beogh

Shops:
D:10 *   D:12 *   D:13 =   D:15 =   Orc:1 =   Orc:2 [?*([[}   Elf:2 !
Vaults:1 ?   Vaults:4 [

Portals:
Hell: Depths:1 Depths:2
Abyss: Depths:1 Depths:2 Depths:4
Pandemonium: Depths:3

Annotations:
D:7 2 transporters
Spider:3 2 transporters
Elf:2 4 runed doors, exclusion: 4 doors


Innate Abilities, Weirdness & Mutations

You occasionally shout uncontrollably at your foes.
Your spells are a little easier to cast, but a little less powerful.


Message History

You fly upwards.
There is a stone staircase leading down here.
There is an open door here.
Magic restored.
There is an open door here.
HP restored.
There is an open door here.
There is an open door here.
There is a stone staircase leading up here.
You fly upwards.
There is a stone staircase leading down here.
Your magical contamination has completely faded away.
There is a stone staircase leading up here.
You fly upwards.
There is a stone staircase leading down here.
There is an open door here.
You see here a +0 troll leather armour.
There is a stone staircase leading up here.
You fly upwards.
There is a stone staircase leading down here. 2 sixfirhies, an orange demon and a cacodemon come into view.
You shout at the cacodemon!
There is a stone staircase leading up here.
Unknown command.
You fly upwards.
There is a stone staircase leading down here.
(D) Dungeon (T) Temple (L) Lair (S) Swamp (N) Spider Nest (M) Slime Pits (O) Orcish Mines (E) Elven Halls (V) Vaults (C) Crypt (U) Depths (H) Hell (Z) Zot
Where to? (Enter - D:1, ? - help)
What level of the Dungeon? (default 1, ? - help)
There is a stone staircase leading up here.
You fly upwards.
There is a stone staircase leading down here.
There is a stone staircase leading up here.
You fly upwards.
Level annotation: 2 transporters
There is a stone staircase leading down here.
There is a stone staircase leading up here.
Things that are here:
a +2 buckler; a scroll of noise {!r} You fly upwards.
There is a stone staircase leading down here.
You see here a +0 falchion of electrocution.
There is a stone staircase leading up here.
You fly upwards.
There is a stone staircase leading down here.
There is a stone staircase leading up here.
You fly upwards.
There is a stone staircase leading down here.
There is a stone staircase leading up here.
You fly upwards.
There is a stone staircase leading down here.
There is a stone staircase leading up here.
You fly upwards.
An ice devil comes into view.
There is a stone staircase leading down here.
There is a stone staircase leading up here.
You fly upwards.
There is a stone staircase leading down here.
You see here 27 sling bullets.
There is a staircase leading out of the dungeon here.
You have escaped!

#...[..............##
##(###############..#
#.# ##.## #.# #..#
#.# ##.# #.# #.#
#.#################.#


#..PPPPPPPPPPPPPPP..# #.........@.........# ##.PPPPPPPPPPPPPPP.##
################### There were no monsters in sight!

Vanquished Creatures
  2 orbs of fire (Zot:5)
  4 ancient liches
  Bai Suzhen (Swamp:3)
  Saint Roka (Orc:2)
  6 caustic shrikes
  4 curse toes
  4 golden dragons
  Nikola (Swamp:4)
  4 bone dragons
  Arachne (Spider:3)
  4 electric golems
  9 tentacled monstrosities
  Asterion (Depths:2)
  3 liches
  18 Orb Guardians
  2 deep elf master archers (Elf:3)
  6 titans (Vaults:5)
  3 deep elf blademasters
  6 sphinxes
  4 quicksilver dragons (Zot:5)
  3 thorn hunters (Swamp:4)
  7 death cobs
  9 shadow dragons
  Agnes (Spider:3)
  Donald (Swamp:3)
  7 tengu reavers
  10 storm dragons
  2 draconian knights (Depths:5)
  7 fire giants
  13 deep elf sorcerers
  17 vault wardens
  A draconian scorcher (Zot:5)
  4 ghost moths
  2 iron dragons (Vaults:5)
  An orc warlord (Orc:2)
  2 imperial myrmidons (Desolation)
  3 deep elf elementalists (Elf:3)
  4 frost giants
  7 emperor scorpions (Spider:4)
  2 balrugs
  A draconian stormcaller (Zot:5)
  17 ironheart preservers
  A draconian annihilator (Zot:4)
  A war gargoyle (Vaults:3)
  15 stone giants
  An entropy weaver (shapeshifter) (Vaults:5)
  A spriggan defender (Depths:3)
  13 very ugly things
  7 entropy weavers
  3 green draconians
  A red draconian (shapeshifter) (Zot:3)
  8 red draconians
  6 deep elf demonologists
  5 black draconians
  3 halazid warlocks (Desolation)
  8 spark wasps (Depths:2)
  3 yellow draconians (Zot:2)
  12 purple draconians
  10 deep elf annihilators
  5 white draconians
  10 deep elf death magi
  A green death (Depths:3)
  A crystal guardian (Desolation)
  Josephine (Orc:2)
  10 ettins
  8 ragged hierophants (Desolation)
  14 yaktaur captains
  12 fire dragons
  3 rakshasas
  45 vault guards
  3 deep elf high priests
  5 servants of whispers (Desolation)
  10 great orbs of eyes
  10 ice dragons
  9 peacekeepers (Desolation)
  A spriggan air mage (Depths:3)
  14 hydras
  2 ghost crabs (Swamp:4)
  6 alligators
  A death knight (Vaults:1)
  9 centaur warriors
  19 ogre magi
  62 two-headed ogres
  33 dancing weapons
  A catoblepas (D:13)
  10 deep troll shamans
  A satyr (shapeshifter) (Elf:3)
  2 tengu warriors
  5 death yaks
  An orc high priest (Swamp:1)
  The ghost of Amnesiac the Geomancer, a novice DEEE of Ashenzari (D:9)
  The ghost of Amnesiac the Changer, a novice DEEE of Ashenzari (D:8)
  10 deep troll earth magi
  A hell knight (Vaults:5)
  3 spriggan berserkers
  2 sun demons (Depths:1)
  2 iron trolls (Depths:4)
  25 deep elf knights
  3 skeletal warriors (D:13)
  2 spriggan druids
  A swamp dragon (Lair:4)
  4 unseen horrors
  2 flayed ghosts
  34 deep trolls
  4 shadow wraiths
  An unseen horror (shapeshifter) (Vaults:3)
  6 glowing orange brains
  2 shambling mangroves
  4 necromancers
  4 wizards
  27 deep elf archers
  2 spectral hydras (Swamp:4)
  24 ironbrand convokers
  12 orc knights
  7 phantasmal warriors
  16 orb spiders
  75 deep elf magi
  11 harpies
  46 ugly things
  5 orc sorcerers
  A wolf spider (shapeshifter) (Depths:1)
  23 wolf spiders
  A manticore (Lair:6)
  10 cyclopes
  A sphinx skeleton (Vaults:3)
  A tengu skeleton (Vaults:3)
  5 guardian serpents
  10 moths of wrath
  6 black mambas
  18 vault sentinels
  A fire giant skeleton (Depths:1)
  A smoke demon (Depths:3)
  A frost giant skeleton (Depths:1)
  A rust devil (D:15)
  A molten gargoyle (Desolation)
  3 gargoyles
  2 centaur skeletons (D:15)
  A yaktaur zombie (Depths:1)
  16 demonic crawlers
  37 spiny frogs
  A rime drake (shapeshifter) (Vaults:4)
  7 rime drakes
  8 komodo dragons
  3 efreet (Depths:4)
  56 yaktaurs
  3 freezing wraiths
  6 swamp worm zombies (Swamp:4)
  3 harpy zombies (Zot:3)
  11 trolls
  A red devil (Depths:3)
  4 tengu conjurers
  3 hydra zombies (Swamp:4)
  38 jumping spiders
  A polar bear (shapeshifter) (Vaults:3)
  A merfolk (shapeshifter) (Depths:3)
  3 polar bears
  11 tyrant leeches
  3 queen bees (shapeshifter)
  A raiju (Zot:3)
  18 hornets
  3 alligator zombies (Swamp:4)
  34 blink frogs
  12 bog bodies
  57 saltlings (Desolation)
  18 hippogriffs
  2 ice dragon zombies (Depths:1)
  36 slime creatures
  A raiju (shapeshifter) (Elf:3)
  A dream sheep (shapeshifter) (Vaults:3)
  A fire giant simulacrum (Vaults:3)
  2 spectral swamp dragons (Swamp:4)
  A centaur simulacrum (D:11)
  5 spriggans
  29 tarantellas
  A frost giant simulacrum (Vaults:3)
  10 air elementals
  2 spriggans (shapeshifter)
  2 shadows
  28 yaks
  6 basilisks
  A ynoxinul (D:15)
  82 redbacks
  4 wyverns
  A fire bat (shapeshifter) (Vaults:5)
  3 water elementals
  5 wraiths
  4 chaos spawn
  4 fire elementals
  2 hungry ghosts
  21 vampire mosquitoes
  A human simulacrum (Vaults:1)
  24 swamp worms
  7 wargs
  3 acid dragons (D:7)
  9 water moccasins
  12 insubstantial wisps
  10 porcupines
  A floating eye (D:13)
  5 swamp drakes
  8 ice beasts
  50 orc warriors
  10 phantoms
  6 sky beasts
  4 black bears
  An eye of draining (shapeshifter) (Vaults:1)
  5 ettin simulacra
  17 boggarts
  3 swamp dragon zombies (Swamp:4)
  51 ogres
  A crocodile (shapeshifter) (Elf:3)
  12 wolves
  9 centaurs
  21 crocodiles
  3 big kobolds
  The ghost of p0werm0de the Conjurer, an amateur OpFE of the Shining One (D:4)
  6 earth elementals
  35 bullfrogs
  A wyvern skeleton (D:13)
  2 scorpions
  3 small abominations (D:13)
  5 wights (D:11)
  5 howler monkeys
  8 electric eels
  8 crimson imps
  5 centaur zombies
  5 quasits
  10 jellies
  10 hounds
  37 orc priests
  34 orc wizards
  2 iron imps (Depths:3)
  2 bullfrog skeletons
  7 hell rats (Lair:6)
  2 iguanas
  6 worker ants
  2 hound zombies
  2 hound skeletons
  A howler monkey zombie (D:5)
  A worker ant zombie (D:5)
  Robin (D:3)
  10 gnolls
  2 swamp drake zombies (Swamp:4)
  15 adders
  6 shadow imps
  A white imp (D:11)
  6 oozes
  2 adder zombies (D:7)
  2 worms (D:2)
  A dart slug (D:3)
  8 leopard geckos
  159 orcs
  A ball python (D:3)
  4 giant cockroaches
  15 goblins
  15 hobgoblins
  17 jackals
  A quokka (D:5)
  A ball python skeleton (D:5)
  5 bats
  4 frilled lizards
  21 kobolds
  A quokka zombie (D:5)
  6 rats
  4 briar patches (Swamp:4)
  A fungus (Lair:3)
  A pillar of salt (Vaults:4)
  A plant (Lair:4)
2438 creatures vanquished.

Vanquished Creatures (collateral kills)
  A death yak (Lair:5)
1 creature vanquished.

Vanquished Creatures (others)
  A ghost moth (Spider:4)
  A vampire knight (Depths:4)
  A black draconian (Depths:5)
  3 spriggan air magi
  2 moths of wrath (Zot:5)
  3 yaktaurs (Depths:4)
  An orc warrior (Vaults:3)
  An ogre (Vaults:2)
  3 orcs
  23 fungi
  69 plants
108 creatures vanquished.

Grand Total: 2547 creatures vanquished

Notes
Turn   | Place    | Note
-------+----------+-------------------------------------------
     0 | D:1      | Amnesiac the Deep Elf Earth Elementalist began the quest for the Orb.
     0 | D:1      | Reached XP level 1. HP: 10/10 MP: 6/6
    91 | D:1      | Reached XP level 2. HP: 11/15 MP: 2/8
   726 | D:2      | Reached XP level 3. HP: 19/19 MP: 2/10
   736 | D:2      | Learned a level 2 spell: Passwall
   812 | D:2      | Found a basalt altar of Yredelemnul.
   812 | D:2      | Found a burning altar of Makhleb.
   850 | D:2      | Found an ancient bone altar of Kikubaaqudgha.
  1226 | D:2      | Reached XP level 4. HP: 21/24 MP: 4/12
  1340 | D:2      | Reached skill level 5 in Earth Magic
  1432 | D:2      | Found a sacrificial altar of Ru.
  1723 | D:3      | Noticed Robin
  1742 | D:3      | Learned a level 4 spell: Petrify
  1745 | D:3      | Killed Robin
  1845 | D:3      | Reached XP level 5. HP: 28/28 MP: 10/13
  1850 | D:3      | Noticed a dagger
  1851 | D:3      | Noticed a hand axe
  1853 | D:3      | Found a hide-covered altar of Uskayaw.
  1886 | D:3      | Learned a level 5 spell: Lee's Rapid Deconstruction
  1903 | D:3      | Reached skill level 5 in Spellcasting
  2090 | D:3      | Noticed a sky beast
  2108 | D:3      | Killed a sky beast
  2108 | D:3      | Reached XP level 6. HP: 23/32 MP: 0/16
  2310 | D:3      | Found a glowing drain.
  2312 | Sewer    | Entered a sewer
  2814 | D:4      | Learned a level 1 spell: Confusing Touch
  2975 | D:4      | Found a staircase to the Ecumenical Temple.
  2984 | Temple   | Entered the Ecumenical Temple
  3079 | Temple   | Became a worshipper of Ashenzari the Shackled
  3171 | D:4      | Found a hazy altar of Hepliaklqana.
  3171 | D:4      | Found a bloodstained altar of Trog.
  3637 | D:4      | Found an opulent altar of Gozag.
  3658 | D:4      | Noticed p0werm0de's ghost (amateur OpFE)
  3661 | D:4      | Reached XP level 7. HP: 32/36 MP: 10/18
  3678 | D:5      | Entered Level 5 of the Dungeon
  4267 | D:5      | Reached skill level 1 in Short Blades
  4371 | D:5      | Found an iron altar of Okawaru.
  4419 | D:5      | Reached skill level 1 in Shields
  4644 | D:5      | Reached XP level 8. HP: 41/41 MP: 8/20
  4759 | D:4      | Killed p0werm0de's ghost
  5168 | D:5      | Found an iron altar of Okawaru.
  5980 | D:3      | Killed a hand axe
  5980 | D:3      | Reached skill level 5 in Stealth
  5980 | D:3      | Reached XP level 9. HP: 45/45 MP: 10/22
  5980 | D:3      | Killed a dagger
  5980 | D:3      | Reached skill level 5 in Short Blades
  6308 | D:6      | Got the uncursed pair of gloves "Wezom" {rElec rF+ rN+}
  6314 | D:6      | Identified the +0 pair of gloves "Wezom" {rElec rF+ rN+} (You found it on level 6 of the Dungeon)
  6438 | D:6      | Found a stormy altar of Qazlal.
  6439 | D:6      | Found a shadowy altar of Dithmenos.
  6611 | D:6      | Found a snail-covered altar of Cheibriados.
  6761 | D:6      | Found a sparkling altar of Nemelex Xobeh.
  6910 | D:6      | Reached * piety under Ashenzari
  7271 | D:7      | Found a shimmering altar of Xom.
  7272 | D:7      | Found a shimmering altar of Xom.
  7344 | D:7      | Reached XP level 10. HP: 50/50 MP: 24/24
  7500 | D:7      | Found a transporter.
  7618 | D:7      | Found a shimmering altar of Xom.
  7738 | D:7      | Found a transporter.
  7874 | D:8      | Noticed Amnesiac's ghost (novice DEEE)
  7880 | D:8      | Killed Amnesiac's ghost
  7880 | D:8      | Reached skill level 10 in Earth Magic
  8025 | D:8      | Reached skill level 1 in Fighting
  8282 | D:8      | Noticed a two-headed ogre
  8285 | D:8      | Killed a two-headed ogre
  8615 | D:9      | Killed an unseen horror
  8731 | D:9      | Reached skill level 5 in Fighting
  8731 | D:9      | Reached skill level 5 in Dodging
  8949 | D:9      | Reached XP level 11. HP: 60/64 MP: 5/25
  8951 | D:9      | Noticed Amnesiac's ghost (novice DEEE)
  8960 | D:9      | Killed Amnesiac's ghost
  9554 | D:9      | Noticed a two-headed ogre
  9720 | D:9      | Found a staircase to the Lair.
  9770 | D:9      | Reached ** piety under Ashenzari
  9825 | Lair:1   | Entered Level 1 of the Lair of Beasts
 11155 | Lair:2   | Learned a level 8 spell: Disjunction
 11205 | Lair:2   | Noticed a four-headed hydra
 11205 | Lair:2   | Killed a four-headed hydra
 11649 | Lair:2   | Noticed a five-headed hydra
 11980 | Lair:2   | Learned a level 1 spell: Sandblast
 11981 | Lair:2   | Reached skill level 5 in Shields
 12499 | Lair:2   | Killed a five-headed hydra
 12499 | Lair:2   | Reached XP level 12. HP: 75/75 MP: 23/26
 12734 | Lair:3   | Reached *** piety under Ashenzari
 12763 | Lair:3   | Got the cursed scale mail of Pathos {Str+2}
 13197 | Lair:3   | Identified the cursed +0 scale mail of Pathos {Str+2} (You found it on level 3 of the Lair of Beasts)
 13722 | Lair:4   | Found a staircase to the Swamp.
 13979 | Lair:4   | Found a hole to the Spider Nest.
 14256 | Lair:4   | Noticed a death yak
 14256 | Lair:4   | Noticed a death yak
 14256 | Lair:4   | Noticed a death yak
 14288 | Lair:3   | Killed a death yak
 14634 | Lair:4   | HP: 3/75 [poisoned by a redback]
 14642 | Lair:4   | HP: 3/75 [poisoned by a redback]
 15258 | Lair:4   | Killed a death yak
 15440 | Lair:4   | Killed a death yak
 15997 | Lair:4   | Noticed a four-headed hydra
 16045 | Lair:4   | Noticed a four-headed hydra
 16120 | Lair:4   | Identified the +5 whip "Ifriw" {antimagic, rPois rF+ rC+ Dex+3}
 16139 | Lair:4   | Noticed an alligator
 16140 | Lair:4   | Noticed an alligator
 16144 | Lair:4   | HP: 3/76 [swamp dragon (6)]
 16362 | Lair:4   | Reached XP level 13. HP: 73/80 MP: 23/27
 16428 | Lair:4   | Reached skill level 10 in Fighting
 16428 | Lair:4   | Reached skill level 10 in Dodging
 16643 | Lair:5   | Found a staircase to the Slime Pits.
 16951 | Lair:5   | Reached **** piety under Ashenzari
 17501 | Lair:6   | Entered Level 6 of the Lair of Beasts
 17678 | Lair:6   | Reached skill level 10 in Stealth
 18947 | Lair:6   | Reached skill level 10 in Short Blades
 19273 | Lair:6   | Reached XP level 14. HP: 73/88 MP: 3/28
 20372 | Lair:6   | Reached ***** piety under Ashenzari
 21331 | D:10     | Entered Level 10 of the Dungeon
 21367 | D:10     | Found Katieb's Assorted Antiques.
 21375 | D:10     | Bought a sedimented purple potion for 24 gold pieces
 22021 | D:10     | Found a roughly hewn altar of Beogh.
 22024 | D:10     | Found a staircase to the Orcish Mines.
 22203 | D:10     | Identified the ring "Gestrote" {rPois Str+3 Int+3 Slay+5}
 22779 | D:7      | Got the uncursed hat of the Solstice {rCorr MP+9 Slay+2}
 22785 | D:7      | Identified the +0 hat of the Solstice {rCorr MP+9 Slay+2} (You found it on level 7 of the Dungeon)
 23008 | Orc:1    | Entered Level 1 of the Orcish Mines
 24317 | D:12     | Found a burning altar of Makhleb.
 24551 | D:12     | Found Ylozuj's General Store.
 24709 | D:13     | Reached skill level 10 in Shields
 24893 | D:13     | Found Xexzepp's Jewellery Shoppe.
 25693 | D:13     | Reached XP level 15. HP: 96/96 MP: 0/29
 26110 | D:13     | Found a gate to the Vaults.
 26662 | D:13     | Identified the Guide on the Excruciating Compass
 28222 | D:15     | Entered Level 15 of the Dungeon
 28262 | D:15     | Reached skill level 1 in Translocations
 28552 | D:15     | Found a staircase to the Depths.
 28642 | D:15     | Reached ****** piety under Ashenzari
 28650 | D:15     | Found Gevaec's Jewellery Shop.
 28927 | D:15     | Reached skill level 5 in Translocations
 29018 | D:15     | Found an opulent altar of Gozag.
 29167 | D:15     | Found Gevaec's Jewellery Shop.
 29218 | D:15     | Found a staircase to the Depths.
 29278 | D:15     | Learned a level 2 spell: Blink
 29282 | D:15     | Learned a level 3 spell: Conjure Flame
 29286 | D:15     | Learned a level 3 spell: Mephitic Cloud
 29671 | D:15     | Found an opulent altar of Gozag.
 30001 | Orc:1    | Found Surokh's Jewellery Boutique.
 30517 | Orc:2    | Entered Level 2 of the Orcish Mines
 30538 | Orc:2    | Noticed an orc warlord
 30543 | Orc:2    | Found a roughly hewn altar of Beogh.
 30722 | Orc:2    | Killed an orc warlord
 30803 | Orc:2    | Found Vodwumpe's Gadget Emporium.
 30913 | Orc:2    | Found Teywoeroma's Armour Shop.
 31045 | Orc:2    | Found a staircase to the Elven Halls.
 31075 | Orc:2    | Found Ogyd's Magic Scroll Emporium.
 31220 | Orc:2    | Noticed Saint Roka
 31262 | Orc:2    | Found a roughly hewn altar of Beogh.
 31293 | Orc:2    | Found Jair Foi's Armour Shop.
 31708 | Orc:2    | Killed Saint Roka
 31708 | Orc:2    | Reached XP level 16. HP: 80/101 MP: 3/30
 31745 | Orc:2    | Noticed Josephine
 31832 | Orc:2    | Killed Josephine
 32039 | Orc:2    | Found a roughly hewn altar of Beogh.
 32040 | Orc:2    | Found Pepis's Assorted Antiques.
 32069 | Orc:2    | Found a roughly hewn altar of Beogh.
 32205 | Orc:2    | Found a roughly hewn altar of Beogh.
 32205 | Orc:2    | Found Lipreree's Antique Weapon Boutique.
 32209 | Orc:2    | Found Roirism's Antique Armour Shop.
 32215 | Orc:2    | Bought a runed quick blade for 630 gold pieces
 32291 | Orc:2    | Found a roughly hewn altar of Beogh.
 32436 | Orc:2    | Found a roughly hewn altar of Beogh.
 32509 | Orc:2    | Bought a scroll of remove curse for 36 gold pieces
 32519 | Elf:1    | Entered Level 1 of the Elven Halls
 32723 | Elf:1    | Reached skill level 10 in Translocations
 33370 | Elf:1    | HP: 4/101 [halberd of flaming (3)]
 33936 | Elf:1    | Identified the Catalogue of Creative Confrontation
 34018 | Elf:2    | Found Tallet Zuruq's Distillery.
 34089 | Elf:2    | Found a huge runed gate.
 34089 | Elf:2    | Found a huge runed gate.
 34090 | Elf:2    | Found a huge runed gate.
 34091 | Elf:2    | Found a huge runed gate.
 34094 | Elf:2    | Found a huge runed gate.
 35406 | Elf:2    | Reached skill level 10 in Spellcasting
 35554 | Elf:2    | Reached XP level 17. HP: 85/106 MP: 23/34
 35592 | Elf:2    | Noticed a deep elf blademaster
 35595 | Elf:2    | Killed a deep elf blademaster
 36137 | Elf:2    | Bought a potion of heal wounds for 100 gold pieces
 36137 | Elf:2    | Bought a potion of heal wounds for 100 gold pieces
 36137 | Elf:2    | Bought a potion of magic for 160 gold pieces
 36137 | Elf:2    | Bought a potion of mutation for 160 gold pieces
 36498 | Elf:3    | Entered Level 3 of the Elven Halls
 37368 | Elf:3    | Noticed a deep elf blademaster
 37373 | Elf:3    | Noticed an Ice Fiend
 37375 | Elf:3    | Noticed a deep elf blademaster
 37392 | Elf:3    | Killed a deep elf blademaster
 37399 | Elf:3    | Killed a deep elf blademaster
 37427 | Elf:3    | Noticed an Ice Fiend
 37774 | Elf:3    | Identified the ring "Veutt" {rN+ Stlth-} (You took it off a deep elf demonologist on level 3 of the Elven Halls)
 37777 | Elf:3    | Noticed a deep elf master archer
 37781 | Elf:3    | Killed a deep elf master archer
 37933 | Elf:3    | Noticed a deep elf master archer
 37935 | Elf:3    | Killed a deep elf master archer
 38002 | Elf:3    | Reached XP level 18. HP: 109/116 MP: 21/36
 38032 | Elf:3    | Got the uncursed leather armour "Alida" {Regen+ Dex+4}
 38267 | Elf:3    | Got the cursed rapier of Welfare {pierce, rElec Str+2 Int+2}
 38267 | Elf:3    | Got the cursed robe "Hudit" {Int+6}
 38272 | Elf:3    | Got the eveningstar of Qihotufomu {elec, Stlth+}
 38275 | Elf:3    | Identified the +8 eveningstar of Qihotufomu {elec, Stlth+} (You took it off a deep elf knight on level 3 of the Elven Halls)
 38303 | Elf:3    | Identified the +3 leather armour "Alida" {Regen+ Dex+4} (You took it off a deep elf annihilator on level 3 of the Elven Halls)
 38419 | Elf:3    | Identified Sif Muna's Handbook of Ice and Conjuration
 38438 | Elf:3    | Identified the Volume of Transmutation and Stones
 38444 | Elf:3    | Got the fustibalus "Wulusawo" {flame, MR+}
 38445 | Elf:3    | Identified the +8 fustibalus "Wulusawo" {flame, MR+} (You found it on level 3 of the Elven Halls)
 38497 | Elf:3    | Got the hand crossbow of Autumn {penet, MR+ Dex+2}
 38498 | Elf:3    | Identified the +5 hand crossbow of Autumn {penet, MR+ Dex+2} (You found it on level 3 of the Elven Halls)
 38567 | Elf:3    | Identified the cursed +0 robe "Hudit" {Int+6} (You took it off a deep elf demonologist on level 3 of the Elven Halls)
 38811 | D:10     | Learned a level 2 spell: Sublimation of Blood
 38817 | D:10     | Learned a level 5 spell: Irradiate
 38850 | Orc:2    | Bought a +1 pair of boots of flying for 247 gold pieces
 39033 | Swamp:1  | Entered Level 1 of the Swamp
 39173 | Swamp:1  | Found a snail-covered altar of Cheibriados.
 39721 | Swamp:2  | Found a snail-covered altar of Cheibriados.
 40878 | Swamp:3  | Noticed Donald
 40882 | Swamp:3  | Noticed Bai Suzhen
 41017 | Swamp:3  | Killed Bai Suzhen
 41059 | Swamp:3  | Killed Donald
 41059 | Swamp:3  | Reached skill level 15 in Fighting
 41059 | Swamp:3  | Reached skill level 15 in Dodging
 41483 | Swamp:4  | Entered Level 4 of the Swamp
 41657 | Swamp:4  | Reached skill level 5 in Transmutations
 41738 | Swamp:4  | Noticed Nikola
 41748 | Swamp:4  | Killed Nikola
 42604 | Swamp:4  | Noticed a bone dragon
 42666 | Swamp:3  | Killed a bone dragon
 42994 | Swamp:4  | Got a decaying rune of Zot
 43250 | D:10     | Learned a level 8 spell: Controlled Blink
 43386 | Spider:1 | Entered Level 1 of the Spider Nest
 43901 | Spider:1 | Reached XP level 19. HP: 122/122 MP: 37/37
 45000 | Spider:3 | Noticed Agnes
 45025 | Spider:3 | Killed Agnes
 45175 | Spider:3 | Reached skill level 10 in Transmutations
 45276 | Spider:3 | Found a transporter.
 45421 | Spider:3 | Noticed Arachne
 45434 | Spider:3 | Killed Arachne
 45485 | Spider:3 | Found a transporter.
 45486 | Spider:3 | Identified the ring of Suspected Treachery {rCorr +Fly Int+4 Dex+4}
 45488 | Spider:3 | Identified the amulet "Yqissaum" {Inacc +Inv Dex+4}
 46002 | Spider:4 | Entered Level 4 of the Spider Nest
 46720 | Spider:4 | Got the cursed ring mail "Tibialoe" {rF+ rN+ Dex+4}
 47123 | Spider:4 | Reached skill level 15 in Translocations
 47508 | Spider:4 | Got a gossamer rune of Zot
 47828 | Vaults:1 | Entered Level 1 of the Vaults
 48024 | Vaults:1 | Reached XP level 20. HP: 115/127 MP: 6/38
 48188 | Vaults:1 | Found Vuqugrei's Magic Scroll Emporium.
 48718 | Vaults:1 | Got the spear of the Hero {pierce, rF+ Str-2 Int+8 Dex+4}
 48878 | Vaults:1 | Identified the cursed +1 ring mail "Tibialoe" {rF+ rN+ Dex+4} (You found it on level 4 of the Spider Nest)
 49326 | Vaults:1 | Got the dagger of Gallantry {freeze, *Drain Int+8 Dex-3}
 49750 | Vaults:2 | Reached skill level 15 in Stealth
 49750 | Vaults:2 | Reached skill level 15 in Spellcasting
 49866 | Vaults:2 | Found a sparkling altar of Nemelex Xobeh.
 50385 | Vaults:2 | Identified a scroll of acquirement
 50482 | Vaults:2 | Identified the cursed +0 helmet "Dogod" {rN+}
 51369 | Vaults:3 | Reached XP level 21. HP: 132/132 MP: 42/42
 51906 | Vaults:3 | Reached skill level 15 in Shields
 52409 | Vaults:3 | Got the shortbow of Timo {flame, +Inv}
 52435 | Vaults:3 | Got the hand axe "Daahaec" {chop, rElec rPois Int+3 Stlth+}
 52554 | Vaults:3 | Found a staircase to the Crypt.
 52554 | Vaults:3 | Found a basalt altar of Yredelemnul.
 52556 | Vaults:3 | Found an ancient bone altar of Kikubaaqudgha.
 53402 | D:15     | Bought an uncursed amulet of guardian spirit for 390 gold pieces
 53402 | D:15     | Bought a +5 ring of protection for 715 gold pieces
 53917 | Vaults:4 | Found a ruined gateway.
 53927 | Desolati | Entered the Desolation of Salt
 54341 | Desolati | Identified the ring "Akleivaub" {rPois Int+4} (You took it off an imperial myrmidon in the Desolation of Salt)
 54570 | Desolati | Identified the ring of Uhowno Qiedu {rElec rN++ MR++ MP+9 Dex-5}
 54660 | Desolati | Identified the amulet "Ytixut" {Faith +Blink rF+++ Str-5 Int-3}
 54672 | Desolati | Identified the ring of the Scavenger {+Fly Slay+3 Stlth+}
 54682 | Desolati | Identified the ring of the Hart {rF+ Int+4}
 55221 | Vaults:4 | Reached XP level 22. HP: 139/139 MP: 32/43
 55838 | Vaults:4 | Found Roem's Armour Boutique.
 56276 | Vaults:5 | Entered Level 5 of the Vaults
 56537 | Vaults:5 | Noticed a golden dragon
 56582 | Vaults:5 | Killed a golden dragon
 57627 | Vaults:5 | Got a silver rune of Zot
 57813 | Vaults:5 | Reached XP level 23. HP: 152/152 MP: 32/44
 58996 | Vaults:5 | Noticed an ancient lich
 59002 | Vaults:5 | Killed an ancient lich
 59983 | Depths:1 | Entered Level 1 of the Depths
 60288 | Depths:1 | Identified the +0 robe "Viufor" {rF+ Str+4}
 60642 | Depths:2 | Noticed Asterion
 60652 | Depths:2 | Killed Asterion
 60831 | Depths:2 | Reached XP level 24. HP: 74/161 MP: 22/44
 61378 | Depths:2 | Found a hide-covered altar of Uskayaw.
 61512 | Depths:1 | Identified the ring of Sazxaddei {*Contam rElec Str-4 Int+8 Stlth-}
 61513 | Depths:1 | Found a gateway to Hell.
 61894 | Depths:1 | Identified the ring of Bompevicw {+Inv rF+ rC+ Str+2}
 62000 | Depths:1 | Got the cursed flail of Duty {crush, rPois MR+}
 62519 | Depths:1 | Found a one-way gate to the infinite horrors of the Abyss.
 62685 | Depths:1 | Identified the ring "Puqesk" {Str+3 Stlth-} (You took it off a necromancer on level 1 of the Depths)
 64482 | Depths:3 | Identified the +0 robe "Puoshr Lutao" {-Cast rC+ MP+9 Slay+2}
 64697 | Depths:5 | Identified a paperback manual
 64697 | Depths:5 | Entered Level 5 of the Depths
 64809 | Depths:5 | Reached XP level 25. HP: 137/171 MP: 16/44
 65264 | Depths:3 | Found a one-way gate leading to the halls of Pandemonium.
 65900 | Depths:5 | Found a gate to the Realm of Zot.
 66036 | Zot:1    | Entered Level 1 of the Realm of Zot
 66945 | Zot:2    | Noticed an orb of fire
 67995 | Zot:5    | Entered Level 5 of the Realm of Zot
 69096 | Zot:5    | Reached XP level 26. HP: 137/180 MP: 43/44
 69495 | Zot:5    | Noticed an orb of fire
 69547 | Zot:5    | Killed an orb of fire
 69551 | Zot:5    | Noticed an ancient lich
 69559 | Zot:5    | Killed an ancient lich
 69742 | Zot:5    | Noticed an ancient lich
 69760 | Zot:5    | Killed an ancient lich
 70402 | Zot:5    | Noticed an orb of fire
 70414 | Zot:5    | Gained mutation: You occasionally shout uncontrollably at your foes. [an orb of fire]
 70420 | Zot:5    | Killed an orb of fire
 70676 | Zot:5    | Noticed an ancient lich
 70698 | Zot:5    | Killed an ancient lich
 71333 | Zot:5    | Got the Orb of Zot
 71364 | Zot:5    | Noticed Plog the pandemonium lord
 71373 | Zot:5    | Gained mutation: Your spells are a little easier to cast, but a little less powerful. [a cacodemon]
 71869 | Depths:5 | Noticed Naitegofyci the pandemonium lord
 71890 | Depths:5 | Noticed Ystaux the pandemonium lord
 72523 | D:$      | Escaped with the Orb!

Vault maps used:
D:1:      eino_arrival_tree_alley, minmay_misc_feat_columns, kennysheep_boxes
D:2:      lemuel_coloured_pillars_altar, marbit_many_paths,
          gammafunk_temple_overflow_elements
D:3:      dancing_weapons_uskayaw, first_ration, portal_sewer_entry_d,
          uniq_robin
D:4:      minitemple, overflow_temple_1_default, lemuel_temple_firewalk_b
D:5:      lemuel_doored_altar
D:6:      overflow_temple_1_default, kennysheep_mini,
          gammafunk_temple_overflow_wave
D:7:      gammafunk_cloud_chamber, xom_redecorated
D:9:      minmay_lair_entry_grove, blue_anna_alchemist
D:10:     david_orc_5, serial_shops, nicolae_shop_stone
D:11:     serial_ice, serial_ice_h, serial_ice_j, serial_ice_d, serial_ice_n
D:12:     serial_shops, shop, serial_column_ruins, column_ruins_hut,
          column_ruins_hut_ruined, column_ruins_open_tiny,
          column_ruins_columns_straight, column_ruins_grid_3,
          column_ruins_open_tiny, column_ruins_open_tiny, bloody_makhleb
D:13:     cheibrodos_hippocracy, grunt_vaults_entry_fortified, serial_shops,
          shop
D:14:     hangedman_decor_growths
D:15:     grunt_enter_depths_hoard, abandoned_shop, serial_shops, shop,
          nicolae_gozag_cash_rules_everything_around_me
Temple:   dpeg_three_leaves_temple
Lair:1:   grunt_megastairs_2, lemuel_fruit_fields
Lair:2:   serial_bayou_pond_b, grunt_megastairs_1, infiniplex_staircase_pool_2,
          lemuel_fruit_fields
Lair:4:   onia_ninara_swampy_vault, swamp_mist,
          nicolae_spider_entry_tight_spaces, serial_bayou_shore_a,
          serial_bayou_shore_b
Lair:5:   nicolae_slime_entry_slimehenge
Lair:6:   minmay_lair_end_frog_pond, special_room
Swamp:1:  basic_altar, swamp_pool1, grunt_hermit_hut
Swamp:2:  basic_altar
Swamp:3:  evilmike_swamp_ruin_house_3, uniq_bai_suzhen, uniq_donald
Swamp:4:  swamp_pestilence, uniq_nikola
Spider:1: spider_trap
Spider:3: gammafunk_its_a_trap, hangedman_spider_tarantella_strand, uniq_agnes,
          uniq_arachne
Spider:4: grunt_spider_rune_circles, spider_trap
Orc:1:    serial_shops, shop, uniq_josephine
Orc:2:    grunt_orc_community_town_hall, grunt_orc_community_big_house_1,
          grunt_orc_community_big_house_2, grunt_orc_community_house_2,
          grunt_orc_community_house_1, grunt_orc_community_house_1,
          grunt_orc_community_house_2, basic_altar, serial_shops, shop,
          nicolae_shop_competitors_out_of_business, shop
Elf:1:    minmay_elf_arrival_summoners, minmay_elf_sorcery,
          small_chamber_with_monster
Elf:2:    serial_shops, shop
Elf:3:    minmay_elf_hall_x, hangedman_elven_ridges
Vaults:1: vaults_room_ringed_pool, v_rooms_2, grunt_vaults_funnel,
          vaults_room_corners, grunt_vaults_bifocal,
          ontoclasm_vaults_decontamination, nicolae_vaults_network_quinsquares,
          nicolae_vaults_ring_of_whatevers, vaults_room_fancy_cross,
          ontoclasm_vaults_eye, vaults_room_door_hall, serial_shops,
          shop_fountains
Vaults:2: v_misc_30, vaults_room_stairs_pillars, nicolae_vaults_big_ls,
          v_rooms_3, v_misc_14, vaults_room_semicircle,
          nicolae_vaults_stairing_the_circle, vaults_room_door_ring,
          vaults_mumra_chevron_long, vaults_room_pools, vaults_dpeg_cross,
          nicolae_vaults_little_squares_1, hangedman_vaults_cutoff, basic_altar
Vaults:3: minmay_crypt_entry_necro_gods, vaults_mumra_lcd,
          nicolae_vaults_puzzle_piece, vaults_room_pools, st_greater_box_1,
          vaults_room_hallway, nicolae_vaults_mini_display_case,
          nicolae_vaults_little_squares_2
Vaults:4: nicolae_vaults_inception_scallops, v_pattern_2,
          vaults_room_stairs_pillars, dpeg_vaults_monster_box,
          ontoclasm_vaults_spin, v_alt_pattern_6, v_alt_pattern_1,
          ontoclasm_vaults_fault, v_alt_pattern_1, ontoclasm_vaults_chip,
          v_misc_1, ontoclasm_vaults_twist, portal_desolation_entry_garden
Depths:1: lightli_too_deep, hangedman_abyss_or_decor_passed,
          abyss_entry_small_statue_room, st_stairs_8, minmay_the_grid_2x2
Depths:2: regret_index_uskayaw_diablada_macabre, hell_entry,
          minmay_misc_feat_iff, abyss_entry, spider_trap,
          minmay_misc_feat_nine_boxes, hangedman_abyss_or_decor_stagger,
          kennysheep_potato, uniq_asterion
Depths:3: minmay_stepped, hell_entry, grunt_pan_entry_zigzag,
          infiniplex_staircase_spiral
Depths:4: hangedman_elemental_death_ray, enter_ziggurat_b, abyss_entry,
          hell_entry, kennysheep_random_hallway
Depths:5: evilmike_zot_entry_basic, basic_altar, serial_shops, shop,
          grunt_hell_entry_dis_grunt, minmay_misc_feat_square,
          minmay_stone_trees_medium
Zot:3:    hangedman_orp_of_zott
Zot:4:    hangedman_zot_decor_slant, hangedman_elemental_corridor
Zot:5:    basic_stair_grate_trap
Sewer:    sewer_the_crocodile

Skill      XL: |  1  2  3  4  5  6  7  8  9 10 11 12 13 14 15 16 17 18 19 20 21 22 23 24 25 26 |
---------------+-------------------------------------------------------------------------------+-----
Earth Magic    | 4 5 6 7 8 9 10 12 13 | 13.0
Spellcasting   | 4 5 6 7 8 11 12 15 | 15.0
Short Blades   | 1 4 7 10 | 10.0
Stealth        | 3 5 7 8 10 12 15 | 15.0
Shields        | 3 4 6 9 11 12 13 14 16 | 16.1
Fighting       | 5 8 9 10 12 14 15 17 19 21 22 23 | 23.5
Dodging        | 5 8 9 10 12 14 15 17 19 21 22 23 | 23.5
Translocations | 8 12 15 | 15.0
Transmutations | 3 7 10 | 10.0

Action                   |  1- 3 |  4- 6 |  7- 9 | 10-12 | 13-15 | 16-18 | 19-21 | 22-24 | 25-27 || total
-------------------------+-------+-------+-------+-------+-------+-------+-------+-------+-------++-------
Melee: Unarmed           |    13 |       |    14 |       |       |       |       |       |       ||    27
       Dagger            |       |    69 |    88 |   377 |   818 |    72 |       |       |       ||  1424
       Quick blade       |       |       |       |       |       |   866 |  1748 |  1975 |   995 ||  5584
Throw: Throwing net      |       |       |       |     1 |       |       |     2 |     1 |     1 ||     5
 Cast: Sandblast         |    68 |    60 |    43 |   132 |   153 |    83 |       |       |       ||   539
       Passwall          |     3 |     2 |       |    20 |    67 |    49 |    14 |    31 |    33 ||   219
       Petrify           |       |    16 |    22 |   126 |   314 |   135 |   169 |   108 |    85 ||   975
       Lee's Rapid Decon |       |     4 |    23 |    27 |   153 |   246 |   255 |   166 |    81 ||   955
       Blink             |       |       |       |       |       |    11 |     8 |     3 |     9 ||    31
       Irradiate         |       |       |       |       |       |     4 |       |    21 |    19 ||    44
       Controlled Blink  |       |       |       |       |       |       |     4 |       |       ||     4
       Confusing Touch   |       |       |       |       |       |       |     1 |       |       ||     1
       Sublimation of Bl |       |       |       |       |       |       |     1 |       |       ||     1
       Disjunction       |       |       |       |       |       |       |       |     5 |    15 ||    20
Invok: Curse Item        |       |       |     1 |     2 |     1 |     5 |     1 |     3 |       ||    13
 Abil: Evoke Flight      |       |       |       |     2 |     1 |       |       |     1 |       ||     4
       Stop Flying       |       |       |       |       |       |       |       |     1 |       ||     1
Evoke: Sack of spiders   |       |       |       |       |     7 |       |       |       |       ||     7
       Box of beasts     |       |       |       |       |     1 |       |       |       |       ||     1
  Use: Potion            |       |     2 |     3 |     4 |     2 |     8 |     1 |     9 |     6 ||    35
       Scroll            |       |       |    10 |    13 |     7 |    15 |    11 |     6 |     4 ||    66
 Stab: Sleeping          |     1 |       |     4 |    23 |    59 |    46 |    48 |    36 |    24 ||   241
       Petrified         |       |    19 |    28 |    69 |   154 |    44 |    76 |    29 |    39 ||   458
       Petrifying        |       |     3 |     4 |    28 |    88 |    44 |    69 |    58 |    24 ||   318
       Held in net/web   |       |       |       |     2 |       |       |       |       |       ||     2
       Distracted        |       |       |       |       |     1 |     2 |     5 |     3 |     1 ||    12
  Eat: Chunk             |     1 |     8 |    13 |    34 |    65 |    38 |    24 |    28 |    13 ||   224
       Ration            |       |     1 |     2 |     2 |     2 |     3 |     4 |     1 |     7 ||    22
Armor: Robe              |     2 |    11 |     5 |       |       |     4 |       |       |       ||    22
       Skin              |       |       |    18 |       |       |       |       |       |       ||    18
       Leather armour    |       |       |     5 |    79 |    73 |    41 |   113 |   125 |    53 ||   489
Dodge: Dodged            |    26 |    67 |    33 |   200 |   406 |   395 |   738 |   530 |   389 ||  2784
       Deflected         |       |       |       |     3 |     8 |    18 |    20 |    25 |    16 ||    90
Block: Buckler           |       |       |    14 |       |       |       |       |       |       ||    14
       Shield            |       |       |     1 |   173 |   372 |   353 |   655 |   837 |   384 ||  2775

Table legend:
 A = Spawn XP
 B = Non-spawn XP
 C = Spawn XP percentage of total XP
 D = Spawn monster count
 E = Non-spawn monster count
 F = Spawn count percentage of total count
 G = Total turns spent on level
                    A         B        C        D         E        F      G
               +---------+---------+-------+---------+---------+-------+---------
         Total |       0 | 1416420 |   0.0 |       0 |    2432 |   0.0 | 72523
               +---------+---------+-------+---------+---------+-------+---------
           D:1 |       0 |      32 |   0.0 |       0 |      20 |   0.0 |   739
           D:2 |       0 |     119 |   0.0 |       0 |      34 |   0.0 |  1089
           D:3 |       0 |    2109 |   0.0 |       0 |      32 |   0.0 |   828
           D:4 |       0 |     271 |   0.0 |       0 |       6 |   0.0 |   915
           D:5 |       0 |     766 |   0.0 |       0 |      25 |   0.0 |  1946
           D:6 |       0 |    1490 |   0.0 |       0 |      37 |   0.0 |  1053
           D:7 |       0 |    1512 |   0.0 |       0 |      22 |   0.0 |  1426
           D:8 |       0 |    3335 |   0.0 |       0 |      44 |   0.0 |  1362
           D:9 |       0 |    3859 |   0.0 |       0 |      34 |   0.0 |   850
          D:10 |       0 |    2941 |   0.0 |       0 |      53 |   0.0 |  1449
          D:11 |       0 |    6999 |   0.0 |       0 |      50 |   0.0 |  1091
          D:12 |       0 |    3387 |   0.0 |       0 |      16 |   0.0 |   421
          D:13 |       0 |   24174 |   0.0 |       0 |      65 |   0.0 |  2779
          D:14 |       0 |   13667 |   0.0 |       0 |      36 |   0.0 |  1240
          D:15 |       0 |    9957 |   0.0 |       0 |      22 |   0.0 |  1902
        Lair:1 |       0 |    2880 |   0.0 |       0 |      16 |   0.0 |  1536
        Lair:2 |       0 |    8215 |   0.0 |       0 |      31 |   0.0 |  1664
        Lair:3 |       0 |    3655 |   0.0 |       0 |      16 |   0.0 |  1275
        Lair:4 |       0 |   16474 |   0.0 |       0 |      48 |   0.0 |  2907
        Lair:5 |       0 |    8879 |   0.0 |       0 |      36 |   0.0 |  2048
        Lair:6 |       0 |   23426 |   0.0 |       0 |      87 |   0.0 |  2351
       Swamp:1 |       0 |    9152 |   0.0 |       0 |      25 |   0.0 |   696
       Swamp:2 |       0 |    7004 |   0.0 |       0 |      23 |   0.0 |   824
       Swamp:3 |       0 |   20433 |   0.0 |       0 |      34 |   0.0 |  1232
       Swamp:4 |       0 |   29738 |   0.0 |       0 |      73 |   0.0 |  1315
      Spider:1 |       0 |   10553 |   0.0 |       0 |      33 |   0.0 |   692
      Spider:2 |       0 |   16838 |   0.0 |       0 |      53 |   0.0 |   673
      Spider:3 |       0 |   23125 |   0.0 |       0 |      47 |   0.0 |  1494
      Spider:4 |       0 |   37328 |   0.0 |       0 |      77 |   0.0 |  1362
         Orc:1 |       0 |    2273 |   0.0 |       0 |      43 |   0.0 |   768
         Orc:2 |       0 |   15880 |   0.0 |       0 |     113 |   0.0 |  1989
         Elf:1 |       0 |   32035 |   0.0 |       0 |      53 |   0.0 |  2214
         Elf:2 |       0 |   52458 |   0.0 |       0 |      73 |   0.0 |  1828
         Elf:3 |       0 |   60864 |   0.0 |       0 |      62 |   0.0 |  2192
      Vaults:1 |       0 |   70247 |   0.0 |       0 |     111 |   0.0 |  1915
      Vaults:2 |       0 |   48890 |   0.0 |       0 |      93 |   0.0 |  1691
      Vaults:3 |       0 |   76898 |   0.0 |       0 |     108 |   0.0 |  2200
      Vaults:4 |       0 |   60224 |   0.0 |       0 |      85 |   0.0 |  1463
      Vaults:5 |       0 |  170455 |   0.0 |       0 |     138 |   0.0 |  3152
      Depths:1 |       0 |   74041 |   0.0 |       0 |      84 |   0.0 |  1880
      Depths:2 |       0 |   84177 |   0.0 |       0 |      61 |   0.0 |  2085
      Depths:3 |       0 |   32479 |   0.0 |       0 |      38 |   0.0 |  1060
      Depths:4 |       0 |   37503 |   0.0 |       0 |      45 |   0.0 |   795
      Depths:5 |       0 |   23851 |   0.0 |       0 |      24 |   0.0 |  1074
         Zot:1 |       0 |    3398 |   0.0 |       0 |       2 |   0.0 |   100
         Zot:2 |       0 |   50864 |   0.0 |       0 |      26 |   0.0 |  1249
         Zot:3 |       0 |   13530 |   0.0 |       0 |      17 |   0.0 |   404
         Zot:4 |       0 |   23173 |   0.0 |       0 |      12 |   0.0 |   310
         Zot:5 |       0 |  141782 |   0.0 |       0 |      52 |   0.0 |  3236
         Sewer |       0 |     114 |   0.0 |       0 |       6 |   0.0 |   410
    Desolation |       0 |   48966 |   0.0 |       0 |      91 |   0.0 |  1240
               +---------+---------+-------+---------+---------+-------+---------
